 Dungeon Crawl Stone Soup version 0.29-a0-598-gd8304a5bf4 (console) character file.

Game seed: 11203009897279044438

2650 om the Spear-Bearer (level 9, -4/69 HPs)
             Began as a Merfolk Berserker on June 15, 2022.
             Was a Priest of Trog.
             Succumbed to their own poison gas
             ... in a bailey.
             The game lasted 00:13:58 (8422 turns).

om the Spear-Bearer (Merfolk Berserker)             Turns: 8422, Time: 00:13:58

Health: -4/69      AC:  9    Str: 19    XL:     9   Next: 62%
Magic:  9/9        EV: 14    Int:  6    God:    Trog [***...]
Gold:   348        SH:  0    Dex: 16    Spells: 8/8 levels left

rFire   + . .      SeeInvis .   a - +0 spear (vorpal)
rCold   . . .      Faith    .   (no shield)
rNeg    . . .      Spirit   .   o - +2 ring mail {rF+}
rPois   .          Reflect  .   j - +0 helmet
rElec   .          Harm     .   (no cloak)
rCorr   .          Rampage  .   (no gloves)
Will    ++...                   (no boots)
Stlth   +.........              (no amulet)
HPRegen 1.21/turn               (no ring)
MPRegen 0.11/turn               (no ring)

@: lethally poisoned (-4 -> -22), about to teleport, strong-willed, regenerating
A: (nimble swimmer 2), mertail
a: Renounce Religion, Berserk, Trog's Hand


You were in a bailey.
You worshipped Trog.
Trog was most pleased with you.
You visited 2 branches of the dungeon, and saw 8 of its levels.
You also visited: Bailey.

You collected 348 gold pieces.

Inventory:

Hand Weapons
 a - a +0 vorpal spear (weapon)
Missiles
 n - 2 throwing nets (quivered)
Armour
 j - a +0 helmet (worn)
 o - a +2 ring mail of fire resistance (worn)
Jewellery
 u - a ring of willpower
Wands
 p - a wand of mindburst (24)
 r - a wand of flame (10)
 s - a wand of charming (15)
 v - a wand of iceblast (8)
Scrolls
 d - 2 scrolls of enchant armour
 e - 6 scrolls of teleportation
 i - a scroll of identify
 k - a scroll of poison
 t - a scroll of torment
 w - a scroll of acquirement
Potions
 b - a potion of flight {unknown}
 c - a potion of mutation {unknown}
 f - a potion of might
 h - 3 potions of lignification
 l - a potion of ambrosia
 q - 2 potions of resistance


   Skills:
 + Level 6.0 Fighting
 - Level 10.0 Polearms
 * Level 6.2 Armour
 + Level 7.6 Dodging


You had 8 spell levels left.
You didn't know any spells.
Your spell library was empty.

Dungeon Overview and Level Annotations

Branches:
Dungeon (7/15)             Temple (1/1) D:6          Bailey (1/1)

Altars:
Cheibriados
Kikubaaqudgha
Qazlal


Innate Abilities, Weirdness & Mutations

((You are very nimble when in or above water. (Stealth+, EV+, Speed+++)))
Your lower body shifts to a powerful aquatic tail in water.


Message History

As you read the scroll of poison, it crumbles to dust.
You recover from your berserk rage.
The orc knight is engulfed in poison gas.
The orc knight is poisoned.
The orc knight looks even sicker.
Really swim into that cloud of poison gas?
Okay, then.
Really swim into that cloud of poison gas?
You are engulfed in poison gas.
You are poisoned.
You feel very sick.
The orc knight is engulfed in poison gas.
The orc knight looks even sicker.
You feel better.
You are engulfed in poison gas.
You are poisoned.
You feel very sick.
The orc knight is engulfed in poison gas.
The orc knight looks as sick as possible!
Okay, then.
As you read the scroll of teleportation, it crumbles to dust.
You feel strangely unstable.
You are engulfed in poison gas.
You are lethally poisoned!
* * * LOW HITPOINT WARNING * * *
You feel very sick.
The orc knight is engulfed in poison gas.
The orc knight looks as sick as possible!
The orc knight hits you but does no damage.
You are engulfed in poison gas.
You are more poisoned.
* * * LOW HITPOINT WARNING * * *
x2 You feel very sick.
You feel better.
You are engulfed in poison gas.
You are lethally poisoned!
* * * LOW HITPOINT WARNING * * *
x2 You feel very sick.
The orc knight looks as sick as possible!
Your skin crawls.
You feel strong-willed.
You are engulfed in poison gas.
You are lethally poisoned!
* * * LOW HITPOINT WARNING * * *
You die...

≈≈..#+# §..⌠...≈≈..#'#.)≈≈.##
≈≈..# §.⌠∩⌠......#'#..≈§§∩#
≈..## §.....≈≈.. ##..§≈.# ).##
§§≈≈≈≈≈.. ##.§§.# .## .§......#
##.≈.#
.#############+###'#########.≈.#
....).....##.....##§§○§§.....≈.#
≈≈≈≈≈≈)≈≈..##.∩.##§§§§○☼≈≈≈≈≈≈.#
........≈≈..## ##○§☼§§☼§.......#
#######..≈≈☼§###§☼§§§§##########
##..≈§☼§§☼@§o○§##
##..☼○§§§§§☼§## ##.○§☼§○§○☼##
###########


You could see an orc knight (extremely poisoned).

Vanquished Creatures
  Menkaure (D:5)
  Duvessa (D:5)
  2 water moccasins (D:6)
  5 orc warriors
  An ice beast (D:7)
  4 ogres (D:4)
  A centaur (D:6)
  A phantom (D:5)
  2 bullfrogs (D:7)
  A necrophage (D:6)
  3 scorpions
  Dowan (D:5)
  A howler monkey (D:4)
  2 hounds
  2 jellies
  5 orc priests
  An iguana (D:6)
  Terence (D:2)
  3 orc wizards (D:6)
  Robin (D:2)
  4 gnolls (D:6)
  9 adders
  A white imp (D:5)
  2 worms
  3 dart slugs
  30 orcs
  8 ball pythons
  7 endoplasms
  14 giant cockroaches
  21 goblins
  8 hobgoblins
  4 jackals (D:1)
  3 kobolds
  6 quokkas
  4 bats
  7 frilled lizards
  8 rats
178 creatures vanquished.

Vanquished Creatures (others)
  A fungus (D:1)
  3 plants (D:1)
4 creatures vanquished.

Grand Total: 182 creatures vanquished

Notes
Turn   | Place    | Note
-------+----------+-------------------------------------------
     0 | D:1      | om the Merfolk Berserker began the quest for the Orb.
     0 | D:1      | Reached XP level 1. HP: 18/18 MP: 1/1
    55 | D:1      | Reached XP level 2. HP: 21/24 MP: 2/2
   604 | D:1      | Reached XP level 3. HP: 26/29 MP: 3/3
   688 | D:1      | Found a faded altar of an unknown god.
   708 | D:1      | Reached ** piety under Trog
  1293 | D:2      | Noticed Robin
  1709 | D:2      | Killed Robin
  1710 | D:2      | Reached XP level 4. HP: 37/37 MP: 4/4
  1715 | D:2      | Reached skill level 5 in Polearms
  2239 | D:2      | Found a stormy altar of Qazlal.
  2285 | D:2      | Noticed Terence
  2303 | D:2      | Killed Terence
  2304 | D:2      | Reached XP level 5. HP: 25/42 MP: 5/5
  2857 | D:3      | Reached *** piety under Trog
  3226 | D:4      | Reached skill level 6 in Polearms
  3226 | D:4      | Reached XP level 6. HP: 46/48 MP: 6/6
  3290 | D:4      | HP: 2/72 [acid (2)]
  3695 | D:4      | Reached XP level 7. HP: 55/55 MP: 7/7
  4030 | D:4      | Reached skill level 7 in Polearms
  4431 | D:4      | Reached skill level 5 in Dodging
  4492 | D:5      | Entered Level 5 of the Dungeon
  4552 | D:5      | Reached skill level 5 in Fighting
  4622 | D:5      | Reached XP level 8. HP: 45/62 MP: 8/8
  4949 | D:5      | Noticed Menkaure
  4956 | D:5      | Reached skill level 8 in Polearms
  4960 | D:5      | Killed Menkaure
  5248 | D:5      | Noticed Duvessa
  5248 | D:5      | Noticed Dowan
  5262 | D:5      | Killed Duvessa
  5268 | D:5      | Killed Dowan
  5701 | D:6      | Reached skill level 9 in Polearms
  5840 | D:6      | Reached skill level 5 in Armour
  6010 | D:6      | Found a staircase to the Ecumenical Temple.
  6016 | Temple   | Entered the Ecumenical Temple
  6252 | D:6      | Reached XP level 9. HP: 50/68 MP: 9/9
  6414 | D:6      | Found an ancient bone altar of Kikubaaqudgha.
  7249 | D:6      | Reached skill level 10 in Polearms
  7502 | D:7      | Identified a scroll of acquirement
  7559 | D:7      | Found a flagged portal.
  7628 | Bailey   | Entered a bailey
  8071 | Bailey   | Noticed an orc knight
  8422 | Bailey   | HP: 1/69 [cloud of poison gas (5)]
  8422 | Bailey   | Succumbed to their own poison gas

Illustrated notes

Levels and vault maps discovered:
D:1:      sevenhm_arrival_forest_fort_small_3, layout_rooms,
          shapermc_ecumenical_altar_acropolis, minmay_tetromino_t4
D:2:      minmay_roachtagon, layout_rooms, basic_altar, uniq_terence, uniq_robin
D:3:      layout_rooms
D:4:      layout_rooms, minmay_increasing_density
D:5:      layout_basic, uniq_duvessa, uniq_menkaure
D:6:      layout_loops_corners, mainiacjoe_overflow_cross_hatched,
          minmay_temple_entry_hall, nicolae_elevator_lobby_plus
D:7:      layout_loops_ring, enter_bailey_6
Temple:   mainiacjoe_temple_circle_huts
Bailey:   bailey_polearm_1, bailey

Skill      XL: |  1  2  3  4  5  6  7  8  9 |
---------------+----------------------------+-----
Dodging        | 3 4 5 6 7 |  7.6
Armour         | 2 3 4 5 6 |  6.2
Polearms       | 5 6 7 9 10 | 10.0
Fighting       | 4 5 6 |  6.0

Action                   |  1- 3 |  4- 6 |  7- 9 || total
-------------------------+-------+-------+-------++-------
Melee: Spear             |   155 |   217 |   444 ||   816
       Punch             |     1 |       |     1 ||     2
       Tailslap          |       |       |     1 ||     1
Invok: Berserk           |     3 |     6 |    15 ||    24
       Trog's Hand       |       |       |     1 ||     1
Evoke: Wand              |       |       |     9 ||     9
  Use: Scroll            |     2 |     3 |     7 ||    12
       Potion            |       |       |     7 ||     7
Armor: Animal skin       |    17 |    25 |       ||    42
       Ring mail         |       |    29 |    87 ||   116
Dodge: Dodged            |    84 |   104 |   161 ||   349

Table legend: (Time is in decaauts)
 A = Elapsed time spent in this place.
 B = Non-inter-level travel time spent in this place.
 C = Inter-level travel time spent in this place.
 D = Time resting spent in this place.
 E = Time spent auto-exploring this place.
 F = Levels seen in this place.
 G = Mean time per level.
                   A        B        C        D        E       F      G
               +--------+--------+--------+--------+--------+-----+--------+
         Total |   8352 |   8225 |    127 |   2361 |   4389 |   9 |  928.0 |
       Dungeon |   7631 |   7510 |    121 |   1959 |   4345 |   7 | 1090.1 |
        Temple |      9 |      4 |      5 |      0 |      3 |   1 |    9.0 |
        Bailey |    711 |    711 |      0 |    402 |     41 |   1 |  711.0 |
               +--------+--------+--------+--------+--------+-----+--------+

Top non-repeatable levels by time:
     D:6: 1809 daAuts
     D:1: 1545 daAuts
     D:4: 1240 daAuts
     D:5: 1183 daAuts
     D:2: 948 daAuts
     D:3: 772 daAuts
  Bailey: 711 daAuts
     D:7: 132 daAuts
  Temple: 9 daAuts
